 Dungeon Crawl Stone Soup version 0.19-a0-1670-gc28a5d9 (webtiles) character file.

114 Hennin the Digger (level 4, 0/24 HPs)
             Began as a Gargoyle Earth Elementalist on Sept 22, 2016.
             Was an Initiate of Vehumet.
             Slain by a worker ant (2 damage)
             ... on level 4 of the Dungeon.
             The game lasted 00:07:58 (2776 turns).

Hennin the Digger (Gargoyle Earth Elementalist)     Turns: 2776, Time: 00:07:59

Health: 0/24       AC:  9    Str: 12    XL:     4   Next: 97%
Magic:  6/9        EV: 12    Int: 16    God:    Vehumet [......]
Gold:   95         SH:  0    Dex: 10    Spells: 2 memorised, 6 levels left

rFire  + . .     SeeInvis .     i - +0 spear
rCold  . . .     Gourm    .     c - +1 robe
rNeg   + . .     Faith    .     (no shield)
rPois  ∞         Spirit   .     (no helmet)
rElec  +         Dismiss  .     g - +0 cloak
rCorr  .         Reflect  .     (no gloves)
MR     .....     Harm     .     (no boots)
Stlth  ++........ Clarity  +    (no amulet)
                                (no ring)
                                q - ring of protection from fire

@: no status effects
A: iridescent scales 1, clarity, negative energy resistance 1, electricity
resistance, unbreathing, petrification resistance, rot immunity, AC +3
a: Renounce Religion


You were on level 4 of the Dungeon.
You worshipped Vehumet.
Vehumet was noncommittal.
You were not hungry.

You visited 1 branch of the dungeon, and saw 4 of its levels.

You collected 95 gold pieces.

Inventory:

Hand Weapons
 a - a +0 hand axe
 i - a +0 spear (weapon)
Missiles
 b - 146 stones (quivered)
Armour
 c - a +1 robe (worn)
 g - a +0 cloak (worn)
Jewellery
 h - an uncursed ring of fire
 q - a ring of protection from fire (left hand)
Scrolls
 r - a scroll of blinking
 s - a scroll of fog
Potions
 f - a potion of cancellation {unknown}
 j - a potion of flight {unknown}
 k - a potion of haste {unknown}
 l - a potion of invisibility {unknown}
 o - a potion of brilliance {unknown}
 p - a potion of lignification {unknown}
 u - a potion of ambrosia {unknown}
Books
 e - a book of Geomancy

   Spells                             Type                      Level
   a - Sandblast                      Earth                        1
   b - Passwall                       Transmutation/Earth          2
   c - Stone Arrow                    Conjuration/Earth            3
   d - Petrify                        Transmutation/Earth          4
   e - Lee's Rapid Deconstruction     Earth                        5
Comestibles
 d - a bread ration
 m - 2 slices of pizza
 n - a meat ration
 t - a chunk of flesh


   Skills:
 - Level 1.5 Dodging
 - Level 2.1 Stealth
 * Level 3.5 Spellcasting
 + Level 1.6 Conjurations
   Level 0.7 Transmutations
 + Level 4.7 Earth Magic


You had 6 spell levels left.
You knew the following spells:

 Your Spells              Type           Power        Failure   Level  Hunger
a - Sandblast             Erth           ###...       2%          1    None
b - Stone Arrow           Conj/Erth      ##....       14%         3    ###....


Dungeon Overview and Level Annotations

Branches:
Dungeon (4/15)
 Temple: D:4-7

Altars:
Ashenzari
Nemelex Xobeh
Qazlal
Ru
Sif Muna
Uskayaw
Vehumet


Innate Abilities, Weirdness & Mutations

You are resistant to torment.
Your stone body is resilient. (AC +3)
You are immune to poison.
You resist negative energy. (rN+)
You are resistant to electric shocks. (rElec)
You can survive without breathing.
You are immune to petrification.
You are immune to rotting.
You are partially covered in iridescent scales. (AC +2)
You possess an exceptional clarity of mind.


Message History

The worker ant is moderately wounded.
The worker ant bites you.
You barely miss the worker ant.
The worker ant is moderately wounded.
The worker ant bites you.
You hit the worker ant.
The worker ant is moderately wounded.
The worker ant bites you.
* * * LOW HITPOINT WARNING * * *
The worker ant bites you but does no damage.
You are too injured to fight recklessly!
Casting: Stone Arrow
Confirm with . or Enter, or press ? or * to list all spells.
Aiming: Stone Arrow
Press: ? - help, Shift-Dir - straight line, f/p - worker ant
Aim: a worker ant (moderately wounded)
The stone arrow hits the worker ant.
The worker ant is severely wounded.
The worker ant bites you.
You die...

###
#############.#
#..........(..#
####.###########.#
.....# #.# ####.#
#.# ### #######.#
.......@#
###>...a.......
#.(.....####.
#.......#
#.......#
#.......#
#.......#
#.......#


You could see a worker ant.

Vanquished Creatures
  A hound skeleton (D:4)
  2 adders
  2 oozes
  3 worms
  3 dart slugs
  2 leopard geckos (D:2)
  An orc (D:3)
  5 giant cockroaches
  8 goblins
  8 hobgoblins
  4 jackals (D:2)
  2 kobolds
  5 bats
  3 frilled lizards
  6 rats
55 creatures vanquished.

Notes
Turn   | Place    | Note
-------+----------+-------------------------------------------
     0 | D:1      | Hennin the Gargoyle Earth Elementalist began the quest for the Orb.
     0 | D:1      | Reached XP level 1. HP: 10/10 MP: 3/3
   271 | D:1      | Reached XP level 2. HP: 12/15 MP: 0/5
   479 | D:1      | Reached skill level 4 in Earth Magic
   834 | D:2      | Reached XP level 3. HP: 18/19 MP: 7/7
   839 | D:2      | Learned a level 3 spell: Stone Arrow
  1128 | D:2      | Found a sparkling altar of Nemelex Xobeh.
  1371 | D:2      | Reached skill level 1 in Conjurations
  1390 | D:2      | Found a hide-covered altar of Uskayaw.
  1390 | D:2      | Found a radiant altar of Vehumet.
  1390 | D:2      | Found a sacrificial altar of Ru.
  1391 | D:2      | Found a stormy altar of Qazlal.
  1391 | D:2      | Found a deep blue altar of Sif Muna.
  1391 | D:2      | Found a shattered altar of Ashenzari.
  1429 | D:2      | Became a worshipper of Vehumet
  1466 | D:2      | Reached XP level 4. HP: 24/24 MP: 4/8
  1948 | D:3      | Found a faded altar of an unknown god.
  2021 | D:3      | Gained mutation: You are partially covered in iridescent scales. (AC +2) [potion of beneficial mutation]
  2022 | D:3      | Gained mutation: You possess an exceptional clarity of mind. [potion of beneficial mutation]
  2776 | D:4      | Slain by a worker ant

Vault maps used:
D:1:      dpeg_arrival_rooms_b, minmay_misc_feat_cross
D:2:      grunt_temple_overflow_open, nemelex_xobeh_ov_fountains_minmay
D:3:      ecumenical_altar_1
D:4:      first_bread

Skill      XL: |  1  2  3 |
---------------+----------+-----
Earth Magic    | 4 |  4.7
Spellcasting   | 3 |  3.5
Conjurations   | 1 |  1.6
Dodging        | |  1.5
Stealth        | |  2.1
Transmutations | |  0.7

Action                   |  1- 3 |  4- 6 || total
-------------------------+-------+-------++-------
Melee: Hand axe          |    11 |       ||    11
       Spear             |   147 |   131 ||   278
 Cast: Sandblast         |     7 |       ||     7
       Stone Arrow       |     1 |     5 ||     6
  Use: Scroll            |     3 |     3 ||     6
       Potion            |       |     2 ||     2
 Stab: Sleeping          |     2 |     1 ||     3
  Eat: Chunk             |     2 |     5 ||     7
Armor: Robe              |    47 |    39 ||    86
Dodge: Dodged            |   108 |    76 ||   184
